 Dungeon Crawl Stone Soup version 0.29.0-13-gc9e81de378 (webtiles) character file.

Game seed: 16380531377725387874

4 Monkooky the Sneak (level 2, 0/25 HPs)
             Began as a Meteoran Brigand on Sept 7, 2022.
             Succumbed to a kobold's poison
             ... on level 1 of the Dungeon.
             The game lasted 00:01:07 (104 turns).

Monkooky the Sneak (Meteoran Brigand)                Turns: 104, Time: 00:01:07

Health: 0/25       AC:  4    Str: 12    XL:     2   Next: 0%
Magic:  3/3        EV: 12    Int: 12    God:
Gold:   12         SH:  0    Dex: 15    Spells: 1/1 levels left

rFire   . . .      SeeInvis .   a - +2 dagger
rCold   . . .      Faith    .   (no shield)
rNeg    . . .      Spirit   .   b - +0 robe
rPois   .          Reflect  .   (no helmet)
rElec   .          Harm     .   c - +0 cloak
rCorr   .          Rampage  .   f - +0 pair of gloves
Will    .....                   (no boots)
Stlth   +.........              (no amulet)
HPRegen 0.08/turn               (no ring)
MPRegen 0.08/turn               (no ring)

@: lethally poisoned (0 -> -11), glowing
A: sense surroundings 1, otherworldly, glowing, explore regen
a: no special abilities


You were on level 1 of the Dungeon.
You visited 1 branch of the dungeon, and saw 1 of its levels.

You collected 12 gold pieces.

Inventory:

Hand Weapons
 a - a +2 dagger (weapon)
Missiles
 d - 9 poisoned darts (quivered)
 e - a curare-tipped dart
Armour
 b - a +0 robe (worn)
 c - a +0 cloak (worn)
 f - a +0 pair of gloves (worn)


   Skills:
 - Level 2.4 Fighting
 - Level 2.2 Short Blades
 - Level 2.4 Throwing
 - Level 1.3 Dodging
 - Level 3.0 Stealth
 + Level 0.5 Unarmed Combat


You had one spell level left.
You didn't know any spells.
Your spell library contained the following spells:

 Spells                   Type           Power      Damage    Failure   Level
 Blade Hands              Tmut           0%         N/A       100%        5
 Irradiate                Conj/Tmut      0%         3d11      100%        5
 Dragon Form              Tmut           0%         N/A       100%        7


Dungeon Overview and Level Annotations

Branches:
Dungeon (1/15) Zot: 497

Altars:


Innate Abilities, Weirdness & Mutations

You passively map a small area around you.
You are easily found by Zot.
You glow in the dark.
You regain HP and MP as you explore.


Message History

You kill the kobold!
Things that are here:
a +0 short sword; 4 stones; a kobold corpse You pick up a book of Transfigurations and begin reading...
You add the spells Irradiate, Blade Hands and Dragon Form to your library.
You open the door.
A kobold comes into view. It is wielding a +1 dagger of venom.
Found a fuming puce potion.
There is an open door here.
The kobold shouts!
The kobold hits you with a +1 dagger of venom.
You are poisoned.
You closely miss the kobold.
You feel very sick.
The kobold hits you with a +1 dagger of venom.
You are more poisoned.
You aren't carrying any potions.
Throw: 3 darts (curare)
Press: ? - help, Shift-Dir - straight line, f - kobold
Aim: a kobold, wielding a +1 dagger of venom (53% to hit)
You throw a curare-tipped dart.
The curare-tipped dart barely misses the kobold.
You feel very sick. The kobold closely misses you.
Throw: 2 darts (curare)
Press: ? - help, Shift-Dir - straight line, f/p - kobold
Aim: a kobold, wielding a +1 dagger of venom (53% to hit)
You throw a curare-tipped dart. The curare-tipped dart hits the kobold.
The kobold is poisoned.
The kobold convulses.
You kill the kobold!
* * * LOW HITPOINT WARNING * * *
You feel very sick.
You have reached level 2!
You aren't carrying any potions.
* * * LOW HITPOINT WARNING * * *
You feel very sick.
Unknown command.
You aren't carrying any potions.
You die...

* , .(## * * ... ,
#. ... ** * ##!**
#.. , #... #.# #,
#...###.# .#,#, *
........(###.#.#,*
,* *
##..#.##.......#,
..........@..### *
*######.###..# * ,
### #'# *..#** #.##
##.## ..# , * ...##
##...###.#, ....##
##.....##.. *
.....##
##.......##.. * * ,
.<...[#
#.........### ,
.....#####.......##
*


There were no monsters in sight!

Vanquished Creatures
  2 kobolds (D:1)
  4 rats (D:1)
6 creatures vanquished.

Notes
Turn   | Place    | Note
-------+----------+-------------------------------------------
     0 | D:1      | Monkooky the Meteoran Brigand began the quest for the Orb.
     0 | D:1      | Reached XP level 1. HP: 17/17 MP: 2/2
    55 | D:1      | Reached skill level 3 in Stealth
   103 | D:1      | Reached XP level 2. HP: 4/25 MP: 3/3
   103 | D:1      | HP: 1/25 [poisoned by a kobold]
   104 | D:1      | Succumbed to a kobold's poison

Illustrated notes

Levels and vault maps discovered:
D:1:      elethiomel_arrival_diamonds, layout_basic, nrook_mini_vaults

Skill      XL: |  1 |
---------------+----+-----
Stealth        | 3 |  3.0
Fighting       | |  2.4
Short Blades   | |  2.2
Throwing       | |  2.4
Dodging        | |  1.3
Unarmed Combat | |  0.5

Action                   || total
-------------------------++-------
Melee: Dagger            ||    14
       Punch             ||     1
Throw: Dart              ||     2
Armor: Robe              ||     4
Dodge: Dodged            ||     6
